AoeStats
← b_birds

Acropolis

503179781Analyzed
1v1 RM · 1mo ago on Aug 30, 2026· 91m 6s· 2 players
Game mode
Random Map
Map size
Tiny (2 player)
Population
200
Speed
Normal
Resources
Standard
Victory
Conquest
Starting age
Dark Age
Ending age
Imperial Age
RankedLock teamsTeams togetherTeam positionsShared explorationLock speedFull tech treeHidden civsTurbo modeCheats
Victory
Defeat
🇬🇧 Franks · United Kingdom
396
+22
🇦🇷 Burgundians · Argentina
523
-22
b_birds
11:22 Feudal Age
11:27 Man-at-Arms
12:46 Double-Bit Axe
14:27 Wheelbarrow
14:58 Gold Mining
25:26 Castle Age
24:06 Stone Mining
26:20 Forging
26:11 Scale Mail Armor
26:16 Scale Barding Armor
26:36 Husbandry
28:24 Gold Shaft Mining
30:58 Crossbowman
35:01 Iron Casting
34:42 Chain Mail Armor
34:28 Padded Archer Armor
35:20 Fletching
35:52 Chain Barding Armor
41:17 Leather Archer Armor
46:00 Imperial Age
45:34 #83
47:29 Hoardings
46:18 Elite Throwing Axeman
47:42 Cavalier
50:01 Conscription
57:32 Paladin
60:54 Chivalry
65:50 Long Swordsman
linabobardi
6:35 Loom
10:59 Feudal Age
9:42 Double-Bit Axe
9:52 Horse Collar
13:42 Heavy Plow
16:29 Bow Saw
20:20 Scale Barding Armor
23:48 Castle Age
23:11 Forging
23:08 Scale Mail Armor
22:47 Man-at-Arms
23:58 Long Swordsman
26:57 Two-Man Saw
29:03 Husbandry
31:58 Crossbowman
37:07 Imperial Age
34:54 Cavalier
39:22 Conscription
38:50 Two-Handed Swordsman
41:10 Arrowslits
41:34 Town Watch
42:26 Wheelbarrow
44:12 Chain Barding Armor
45:44 Town Patrol
46:01 Hand Cart
47:43 Chemistry
48:41 Champion
51:52 Hoardings
51:19 Paladin
56:42 Plate Barding Armor
56:45 Iron Casting
56:34 Bombard Tower
56:37 Ballistics
56:09 Guard Tower
56:14 Elite Coustillier
62:37 Chain Mail Armor
63:24 Blast Furnace
69:08 Keep
72:01 Crop Rotation
82:09 Treadmill Crane
Connection lost

Rejoining the realm…

Still unreachable

The connection could not be restored.

Session expired

The server has moved on; the page needs a fresh start.